TOP OF THE 1ST |
Athletic Club KC Reserves batting - Pitching for Tortolita Drummers : RHP Luis Ríos
|
Pitching: RHP Luis Ríos
|
|
Batting: LHB Matt Hartnett
|
0-0: Ball 1-0: Called Strike 1-1: Swinging Strike 1-2: Foul Ball, location: 2F 1-2: Fly out, F8 (Line Drive, 8LS)
|
Batting: RHB Glenn Woods
|
0-0: Foul Ball, location: 2F 0-1: Swinging Strike 0-2: Strikes out swinging
|
Batting: RHB Adam Hennessey
|
0-0: Called Strike 0-1: Ball 1-1: Swinging Strike 1-2: Ball 2-2: Foul Ball, location: 2F 2-2: Strikes out swinging
|
Top of the 1st over - 0 run(s), 0 hit(s), 0 error(s), 0 left on base; Athletic Club KC 0 - Tortolita 0 |
BOTTOM OF THE 1ST |
Tortolita Drummers batting - Pitching for Athletic Club KC Reserves : RHP Alfredo Ríos
|
Pitching: RHP Alfredo Ríos
|
|
Batting: SHB Mauro López
|
0-0: Ball 1-0: SINGLE (Line Drive, 78M)
|
Batting: RHB Ignacio Rodríguez
|
0-0: Ball 1-0: Called Strike 1-1: Grounds into double play, 6-4-3 (Groundball, 6)
|
Batting: RHB Lonnie Conrad
|
0-0: Ball 1-0: Ball 2-0: Called Strike 2-1: Ball 3-1: SINGLE (Line Drive, 78S)
|
Batting: RHB Jim Unknown
|
0-0: Called Strike 0-1: Ball 1-1: Ball 2-1: Ball 3-1: Foul Ball, location: 2F 3-2: Base on Balls Lonnie Conrad to second
|
Batting: SHB Dan Godwin
|
0-0: Swinging Strike 0-1: Ball 1-1: Swinging Strike 1-2: Ball 2-2: Fielders Choice at 2nd, 6-4 (Groundball, 6)
|
Bottom of the 1st over - 0 run(s), 2 hit(s), 0 error(s), 1 left on base; Athletic Club KC 0 - Tortolita 0 |
TOP OF THE 2ND |
Athletic Club KC Reserves batting - Pitching for Tortolita Drummers : RHP Luis Ríos
|
Batting: SHB Pedro Vázquez
|
0-0: Ball 1-0: Called Strike 1-1: Foul Ball, location: 2F 1-2: Foul Ball, location: 2F 1-2: Foul Ball, location: 2F 1-2: Strikes out looking
|
Batting: RHB Bill Dennis
|
0-0: Ball 1-0: Foul Ball, location: 2F 1-1: SINGLE (Groundball, 56)
|
Batting: RHB Joe Guy
|
0-0: Ball 1-0: Ball 2-0: Ball 3-0: Called Strike 3-1: Foul Ball, location: 2F 3-2: SINGLE (Line Drive, 7LS) Bill Dennis to second
|
Batting: RHB Robert Hill
|
0-0: Grounds into double play, 5-4-3 (Groundball, 5)
|
Top of the 2nd over - 0 run(s), 2 hit(s), 0 error(s), 1 left on base; Athletic Club KC 0 - Tortolita 0 |
BOTTOM OF THE 2ND |
Tortolita Drummers batting - Pitching for Athletic Club KC Reserves : RHP Alfredo Ríos
|
Batting: RHB Jim Harris
|
0-0: Ball 1-0: Ball 2-0: Ball 3-0: Called Strike 3-1: Fly out, F7 (Flyball, 7LD)
|
Batting: SHB Roger Wheeler
|
0-0: Ball 1-0: Ball 2-0: Foul Ball, location: 2F 2-1: Called Strike 2-2: Ball 3-2: SINGLE (Groundball, 4MD)
|
Batting: LHB Adrián Franco
|
0-0: Foul Ball, location: 2F 0-1: Ball 1-1: Ball 2-1: Called Strike 2-2: Foul Ball, location: 2F 2-2: Strikes out swinging
|
Batting: RHB Nick Reed
|
0-0: Foul Ball, location: 2F 0-1: Swinging Strike 0-2: Ground out 2-3 (Groundball, 2L)
|
Bottom of the 2nd over - 0 run(s), 1 hit(s), 0 error(s), 1 left on base; Athletic Club KC 0 - Tortolita 0 |
TOP OF THE 3RD |
Athletic Club KC Reserves batting - Pitching for Tortolita Drummers : RHP Luis Ríos
|
Batting: RHB Máximo Padilla
|
0-0: Ball 1-0: Ball 2-0: Ball 3-0: Called Strike 3-1: Base on Balls
|
Batting: LHB Eduardo López
|
0-0: Ball 1-0: Ball 2-0: Swinging Strike 2-1: Swinging Strike 2-2: Ball 3-2: Fly out, F7 (Line Drive, 7M)
|
Batting: LHB Matt Hartnett
|
0-0: Ball 1-0: Ball 2-0: Foul Ball, location: 2F 2-1: Swinging Strike 2-2: Foul Ball, location: 2F 2-2: Strikes out swinging
|
Batting: RHB Glenn Woods
|
0-0: Ball 1-0: Foul Ball, location: 2F 1-1: Ball 2-1: Ground out 5-3 (Groundball, 5S)
|
Top of the 3rd over - 0 run(s), 0 hit(s), 0 error(s), 1 left on base; Athletic Club KC 0 - Tortolita 0 |
BOTTOM OF THE 3RD |
Tortolita Drummers batting - Pitching for Athletic Club KC Reserves : RHP Alfredo Ríos
|
Batting: SHB Mauro López
|
0-0: SOLO HOME RUN (Flyball, 9LD), Distance : 350 ft
|
Batting: RHB Ignacio Rodríguez
|
0-0: Ball 1-0: Ball 2-0: SINGLE (Groundball, 6D)
|
Batting: RHB Lonnie Conrad
|
0-0: Ball 1-0: Called Strike 1-1: Ball 2-1: 2-RUN HOME RUN (Flyball, 9LD), Distance : 353 ft
|
Batting: RHB Jim Unknown
|
0-0: Foul Ball, location: 2F 0-1: Fly out, F7 (Flyball, 78S)
|
Batting: SHB Dan Godwin
|
0-0: Swinging Strike 0-1: Ball 1-1: TRIPLE (Line Drive, 3)
|
Batting: RHB Jim Harris
|
0-0: Called Strike 0-1: Ball 1-1: Foul Ball, location: 2F 1-2: Foul Ball, location: 2F 1-2: Fly out, F9 (Flyball, 89M) Runner from 3rd tags up, SCORES, no throw
|
Batting: SHB Roger Wheeler
|
0-0: Ball 1-0: Foul Ball, location: 2F 1-1: Ball 2-1: Foul Ball, location: 2F 2-2: Ground out U3 (Groundball, 3S)
|
Bottom of the 3rd over - 4 run(s), 4 hit(s), 0 error(s), 0 left on base; Athletic Club KC 0 - Tortolita 4 |
TOP OF THE 4TH |
Athletic Club KC Reserves batting - Pitching for Tortolita Drummers : RHP Luis Ríos
|
Batting: RHB Adam Hennessey
|
0-0: Called Strike 0-1: Swinging Strike 0-2: Strikes out swinging
|
Batting: SHB Pedro Vázquez
|
0-0: Called Strike 0-1: Ball 1-1: Ball 2-1: Ball 3-1: Called Strike 3-2: Ground out 6-3 (Groundball, 6M)
|
Batting: RHB Bill Dennis
|
0-0: Called Strike 0-1: Swinging Strike 0-2: Ball 1-2: SINGLE (Line Drive, 89S)
|
Batting: RHB Joe Guy
|
0-0: Ball 1-0: Ball 2-0: Called Strike 2-1: Foul Ball, location: 2F 2-2: Strikes out swinging
|
Top of the 4th over - 0 run(s), 1 hit(s), 0 error(s), 1 left on base; Athletic Club KC 0 - Tortolita 4 |
BOTTOM OF THE 4TH |
Tortolita Drummers batting - Pitching for Athletic Club KC Reserves : RHP Alfredo Ríos
|
Batting: LHB Adrián Franco
|
0-0: Called Strike 0-1: Foul Ball, location: 2F 0-2: Foul Ball, location: 2F 0-2: Fly out, F7 (Flyball, 7M)
|
Pitching: RHP John Caunce
|
|
Batting: RHB Nick Reed
|
0-0: Ball 1-0: Ball 2-0: Ball 3-0: Called Strike 3-1: Fly out, F8 (Flyball, 8RM)
|
Batting: SHB Mauro López
|
0-0: Ball 1-0: Called Strike 1-1: Foul Ball, location: 2F 1-2: Strikes out swinging
|
Bottom of the 4th over - 0 run(s), 0 hit(s), 0 error(s), 0 left on base; Athletic Club KC 0 - Tortolita 4 |
TOP OF THE 5TH |
Athletic Club KC Reserves batting - Pitching for Tortolita Drummers : RHP Luis Ríos
|
Batting: RHB Robert Hill
|
0-0: Foul Ball, location: 2F 0-1: SINGLE (Groundball, 5D)
|
Batting: RHB Máximo Padilla
|
0-0: Ball 1-0: Fly out, F2 (Popup, 2RF)
|
Batting: LHB Eduardo López
|
0-0: Ground out 5-3 (Groundball, 5S) Robert Hill to second
|
Pitching: RHP Luis Gonzáles
|
|
Batting: LHB Matt Hartnett
|
0-0: Foul Ball, location: 2F 0-1: Ball 1-1: Swinging Strike 1-2: Strikes out looking
|
Top of the 5th over - 0 run(s), 1 hit(s), 0 error(s), 1 left on base; Athletic Club KC 0 - Tortolita 4 |
BOTTOM OF THE 5TH |
Tortolita Drummers batting - Pitching for Athletic Club KC Reserves : RHP John Caunce
|
Batting: RHB Ignacio Rodríguez
|
0-0: Ground out 5-3 (Groundball, 5S)
|
Batting: RHB Lonnie Conrad
|
0-0: Foul Ball, location: 2F 0-1: Called Strike 0-2: Ball 1-2: Fly out, F9 (Flyball, 9S)
|
Batting: RHB Jim Unknown
|
0-0: Ball 1-0: Ball 2-0: Called Strike 2-1: Fly out, F6 (Popup, 6D)
|
Bottom of the 5th over - 0 run(s), 0 hit(s), 0 error(s), 0 left on base; Athletic Club KC 0 - Tortolita 4 |
TOP OF THE 6TH |
Athletic Club KC Reserves batting - Pitching for Tortolita Drummers : RHP Luis Gonzáles
|
Batting: RHB Glenn Woods
|
0-0: Called Strike 0-1: Foul Ball, location: 2F 0-2: Ball 1-2: Foul Ball, location: 2F 1-2: Strikes out looking
|
Batting: RHB Adam Hennessey
|
0-0: Ball 1-0: Ball 2-0: Ball 3-0: Base on Balls
|
Batting: SHB Pedro Vázquez
|
0-0: Called Strike Adam Hennessey steals 2nd base 0-1: Swinging Strike 0-2: Fly out, F8 (Flyball, 8LM)
|
Batting: RHB Bill Dennis
|
0-0: Foul Ball, location: 2F 0-1: Ground out 5-3 (Groundball, 5)
|
Top of the 6th over - 0 run(s), 0 hit(s), 0 error(s), 1 left on base; Athletic Club KC 0 - Tortolita 4 |
BOTTOM OF THE 6TH |
Tortolita Drummers batting - Pitching for Athletic Club KC Reserves : RHP John Caunce
|
Batting: SHB Dan Godwin
|
0-0: Ball 1-0: Called Strike 1-1: Ball 2-1: Foul Ball, location: 2F 2-2: Foul Ball, location: 2F 2-2: Foul Ball, location: 2F 2-2: Ball 3-2: Foul Ball, location: 2F 3-2: Ground out 6-3 (Groundball, 6M)
|
Batting: RHB Jim Harris
|
0-0: Called Strike 0-1: Fly out, F7 (Flyball, 7M)
|
Batting: SHB Roger Wheeler
|
0-0: Ball 1-0: Ball 2-0: Ball 3-0: Base on Balls
|
Batting: LHB Adrián Franco
|
0-0: SINGLE (Groundball, 34) Roger Wheeler to second Throwing error, E9 Roger Wheeler scores Adrián Franco to second
|
Batting: RHB Nick Reed
|
0-0: Ball 1-0: Ball 2-0: Foul Ball, location: 2F 2-1: Ball 3-1: Called Strike 3-2: Foul Ball, location: 2F 3-2: Fly out, F9 (Flyball, 89M)
|
Bottom of the 6th over - 1 run(s), 1 hit(s), 1 error(s), 1 left on base; Athletic Club KC 0 - Tortolita 5 |
TOP OF THE 7TH |
Athletic Club KC Reserves batting - Pitching for Tortolita Drummers : RHP Luis Gonzáles
|
Batting: RHB Joe Guy
|
0-0: Called Strike 0-1: SINGLE (Groundball, 56) (infield hit)
|
Batting: RHB Robert Hill
|
0-0: Ball 1-0: Ball Balk! Joe Guy to second 2-0: Swinging Strike 2-1: SINGLE (Groundball, 4D) Joe Guy to third Runner from 3rd tries for Home, throw and OUT! Robert Hill to second
|
Batting: RHB Máximo Padilla
|
0-0: Ball 1-0: Swinging Strike 1-1: Ball 2-1: Foul Ball, location: 2F 2-2: Ball 3-2: Foul Ball, location: 2F 3-2: Base on Balls
|
Batting: LHB Eduardo López
|
0-0: Swinging Strike 0-1: Foul Ball, location: 2F 0-2: Ball 1-2: Ball 2-2: Fly out, F4 (Line Drive, 34) 2-2: Lined into DP, 4-3 (Line Drive, 34)
|
Top of the 7th over - 0 run(s), 2 hit(s), 0 error(s), 1 left on base; Athletic Club KC 0 - Tortolita 5 |
BOTTOM OF THE 7TH |
Tortolita Drummers batting - Pitching for Athletic Club KC Reserves : RHP John Caunce
|
Batting: SHB Mauro López
|
0-0: Foul Ball, location: 2F 0-1: Foul Ball, location: 2F 0-2: Ball 1-2: Ball 2-2: Ball 3-2: Fly out, F7 (Flyball, 7D)
|
Batting: RHB Ignacio Rodríguez
|
0-0: Called Strike 0-1: Ball 1-1: Fly out, F8 (Flyball, 8RD)
|
Pitching: RHP Gerd Jans
|
|
Batting: RHB Lonnie Conrad
|
0-0: Ball 1-0: Ground out 6-3 (Groundball, 6M)
|
Bottom of the 7th over - 0 run(s), 0 hit(s), 0 error(s), 0 left on base; Athletic Club KC 0 - Tortolita 5 |
TOP OF THE 8TH |
Athletic Club KC Reserves batting - Pitching for Tortolita Drummers : RHP Luis Gonzáles
|
Batting: LHB Matt Hartnett
|
0-0: SINGLE (Line Drive, 4MD)
|
Batting: RHB Glenn Woods
|
0-0: Ball 1-0: Ball 2-0: Swinging Strike 2-1: Called Strike 2-2: Grounds into double play, 1-6-3 (Groundball, 15)
|
Batting: RHB Adam Hennessey
|
0-0: Ball 1-0: Ground out 4-3 (Groundball, 4)
|
Top of the 8th over - 0 run(s), 1 hit(s), 0 error(s), 0 left on base; Athletic Club KC 0 - Tortolita 5 |
BOTTOM OF THE 8TH |
Tortolita Drummers batting - Pitching for Athletic Club KC Reserves : RHP Gerd Jans
|
Batting: RHB Jim Unknown
|
0-0: Ball 1-0: Called Strike 1-1: Foul Ball, location: 2F 1-2: Ball 2-2: Foul Ball, location: 2F 2-2: Foul Ball, location: 2F 2-2: Ball 3-2: Base on Balls
|
Batting: SHB Dan Godwin
|
0-0: Called Strike 0-1: Fly out, F8 (Line Drive, 8RM)
|
Batting: RHB Jim Harris
|
0-0: Ball 1-0: Ball 2-0: Ball 3-0: Base on Balls Jim Unknown to second
|
Batting: SHB Roger Wheeler
|
0-0: Swinging Strike 0-1: Called Strike 0-2: Foul Ball, location: 2F 0-2: Ball 1-2: Ball 2-2: Fly out, F8 (Flyball, 8RM)
|
Batting: LHB Adrián Franco
|
0-0: Ball 1-0: Called Strike 1-1: Called Strike 1-2: Ball 2-2: Fly out, F8 (Flyball, 8RD)
|
Bottom of the 8th over - 0 run(s), 0 hit(s), 0 error(s), 2 left on base; Athletic Club KC 0 - Tortolita 5 |
TOP OF THE 9TH |
Athletic Club KC Reserves batting - Pitching for Tortolita Drummers : RHP Luis Gonzáles
|
Pitching: RHP Pete Wood
|
|
Batting: SHB Pedro Vázquez
|
0-0: Foul Ball, location: 2F 0-1: Called Strike 0-2: Ground out 4-3 (Groundball, 4)
|
Batting: RHB Bill Dennis
|
0-0: Called Strike 0-1: Ball 1-1: Foul Ball, location: 2F 1-2: Strikes out swinging
|
Batting: RHB Joe Guy
|
0-0: Called Strike 0-1: Foul Ball, location: 2F 0-2: Strikes out swinging
|
Top of the 9th over - 0 run(s), 0 hit(s), 0 error(s), 0 left on base; Athletic Club KC 0 - Tortolita 5 |
|